 Dungeon Crawl Stone Soup version 0.19.1 (webtiles) character file.

20442 Pytinka the Carver (level 12, -3/104 HPs)
             Began as a Minotaur Fighter on Dec 23, 2016.
             Slain by a spark wasp (18 damage)
             ... on level 14 of the Dungeon.
             The game lasted 00:37:58 (11338 turns).

Pytinka the Carver (Minotaur Fighter)              Turns: 11338, Time: 00:37:58

Health: -3/104     AC: 17    Str: 26    XL:     12   Next: 45%
Magic:  11/11      EV: 16    Int:  5    God:    Xom [*.....]
Gold:   850        SH:  0    Dex: 12    Spells: 0 memorised, 11 levels left

rFire  . . .     SeeInvis .     i - +9 fustibalus "Diprir" {velocity, rElec rC++}
rCold  + + .     Gourm    .     g - +2 pearl dragon scales
rNeg   + . .     Faith    .     (no shield)
rPois  .         Spirit   .     q - +0 hat
rElec  +         Reflect  .     (no cloak)
rCorr  .         Harm     .     (no gloves)
MR     .....                    y - +0 pair of boots
Stlth  ..........               x - amulet of regeneration
                                c - +2 ring of dexterity
                                l - +4 ring of evasion

@: no status effects
A: retaliatory headbutt, horns 2
a: Renounce Religion


You were on level 14 of the Dungeon.
You worshipped Xom.
You were a special plaything of Xom.
You were not hungry.

You visited 2 branches of the dungeon, and saw 15 of its levels.
You also visited: Ossuary and Bailey.

You collected 980 gold pieces.
You spent 130 gold pieces at shops.

Inventory:

Hand Weapons
 i - the +9 fustibalus "Diprir" (weapon) {velocity, rElec rC++}
   (You found it on level 14 of the Dungeon)

   Any stone fired from it inflicts extra damage.
   It greatly protects you from cold.
   It insulates you from electricity.
 I - a +5 great sword of freezing
Missiles
 t - 14 stones (quivered)
Armour
 g - +2 pearl dragon scales (worn)
 q - a +0 hat (worn)
 y - a +0 pair of boots (worn)
 J - a +0 large shield
Jewellery
 c - a +2 ring of dexterity (right hand)
 h - an uncursed ring of flight
 l - a +4 ring of evasion (left hand)
 w - an uncursed ring of poison resistance
 x - an amulet of regeneration (around neck)
Wands
 a - a wand of disintegration (20/24)
 k - a wand of polymorph (5/24)
 m - a wand of paralysis (19/24)
Scrolls
 b - a scroll of recharging
 j - a scroll of fear
 n - 5 scrolls of magic mapping
 s - 5 scrolls of remove curse
 v - 4 scrolls of fog
 B - 3 scrolls of blinking
 E - 6 scrolls of teleportation
 M - a scroll of holy word
Potions
 d - 5 potions of might
 e - 5 potions of curing
 f - a potion of ambrosia
 o - 2 potions of cancellation
 z - 2 potions of flight
 F - 3 potions of brilliance
 G - 4 potions of haste
 H - a potion of agility
Comestibles
 p - 5 bread rations
 r - a slice of pizza
 u - 2 beef jerkies
 D - 24 fruits
 K - 3 meat rations


   Skills:
 + Level 9.3 Fighting
 * Level 14.8 Long Blades
   Level 13.0 Axes
 + Level 8.2 Armour
 + Level 4.3 Dodging
 + Level 2.2 Stealth
 + Level 7.8 Shields
 + Level 0.3 Evocations


You had 11 spell levels left.
You didn't know any spells.

Dungeon Overview and Level Annotations

Branches:
Dungeon (14/15)            Temple (1/1) D:6            Lair (0/6) D:9
    Orc (0/2) D:12         Vaults (0/5) D:14

Altars:
Ashenzari
Cheibriados
Dithmenos
Elyvilon
Fedhas
Gozag
Hepliaklqana
Kikubaaqudgha
Makhleb
Nemelex Xobeh
Okawaru
Qazlal
Ru
Sif Muna
Trog
Uskayaw
Vehumet
Xom
Yredelemnul
Zin
The Shining One

Shops:
D:8 }[}   D:14 *

Annotations:
D:9 exclusion: statue


Innate Abilities, Weirdness & Mutations

You reflexively headbutt those who attack you in melee.
You have a pair of horns on your head.


Message History

Aim: a spark wasp (heavily wounded)
You shoot a stone. The stone misses the spark wasp.
You hear a splash.
The spark wasp stings you! The spark wasp shocks you. You resist.
The spark wasp stings you but does no damage.
Firing (i - inventory):
t - 15 stones (quivered)
Press: ? - help, Shift-Dir - straight line, f/p - spark wasp
Aim: a spark wasp (heavily wounded)
You shoot a stone. The stone hits the spark wasp!
The spark wasp is severely wounded. "Forecast: mostly cloudy."
You are now a special plaything of Xom.
The spark wasp stings you! The spark wasp shocks you. You resist.
The spark wasp stings you!
* * * LOW HITPOINT WARNING * * *
The spark wasp shocks you. You resist.
* * * LOW HITPOINT WARNING * * *
The spark wasp stings you!!
You die...
Xom snickers!

##≈.....≈.
##.≈.⌠.⌠.≈#
##.#≈..∩..≈######
#.#.≈.⌠.⌠.≈>....#
######..≈.....≈......
#...<...≈≈...≈≈####..
#.##.###§§§_.≈.#
##.###y§§..≈.#
#...§§@§§.≈≈.#
.....##§§§....#
.#...###§#.####
..##### #...# #. .###
.. #..##.# #( #?.##.#
.. #..##.#


You could see a spark wasp.

Vanquished Creatures
  A death knight (D:14)
  2 centaur warriors (D:13)
  A tengu warrior (D:13)
  An ogre mage (D:14)
  4 hill giants
  A wolf spider zombie (D:12)
  An ugly thing (D:11)
  A deep elf mage (D:14)
  A manticore (D:14)
  A cyclops (D:13)
  A centaur skeleton (D:12)
  A tengu conjurer (D:13)
  3 trolls
  2 hornets
  6 slime creatures (D:12)
  Grinder (D:3)
  3 two-headed ogres
  2 hippogriffs (D:10)
  A wyvern (D:14)
  Sigmund (D:3)
  2 wraiths
  2 humans (D:8)
  3 yaks (D:9)
  A mottled dragon (shapeshifter) (D:10)
  Menkaure (Ossuary)
  2 soldier ants (D:13)
  3 wargs (D:9)
  Duvessa (D:7)
  The ghost of kalodont the Sneak, an amateur KoEn (D:4)
  4 ice beasts
  14 orc warriors
  4 sky beasts
  A hornet zombie (D:10)
  An eye of draining (D:14)
  3 phantoms
  5 ogres
  7 centaurs
  3 big kobolds
  A water moccasin zombie (D:8)
  Dowan (D:7)
  5 bullfrogs
  A wyvern skeleton (D:14)
  4 scorpions
  15 killer bees
  3 wights (D:8)
  5 crimson imps
  10 howler monkeys
  2 bullfrog zombies
  A centaur zombie (D:6)
  2 jellies
  3 quasits
  5 hounds
  15 orc priests
  2 bullfrog skeletons
  5 iguanas
  Natasha (twice) (D:3)
  12 orc wizards
  10 worker ants
  3 mummies (Ossuary)
  A worker ant zombie (D:5)
  A howler monkey skeleton (D:6)
  11 adders
  3 gnolls (Bailey)
  A shadow imp (D:7)
  2 oozes (D:2)
  An adder zombie (D:8)
  3 adder skeletons
  4 dart slugs
  3 leopard geckos
  53 orcs
  3 ball pythons
  8 bats
  A giant cockroach (D:2)
  5 gnoll zombies (Ossuary)
  14 goblins
  7 hobgoblins
  3 jackals (D:3)
  3 quokkas
  7 frilled lizards
  5 gnoll skeletons (Ossuary)
  A goblin skeleton (Ossuary)
  2 goblin zombies (Ossuary)
  4 hobgoblin skeletons (Ossuary)
  2 hobgoblin zombies (Ossuary)
  A jackal skeleton (D:4)
  42 kobolds
  3 kobold skeletons (Ossuary)
  3 kobold zombies (Ossuary)
  An orc skeleton (Ossuary)
  4 orc zombies (Ossuary)
  A quokka skeleton (D:7)
  9 rats
  A rat skeleton (Ossuary)
  2 rat zombies (Ossuary)
  A plant (D:5)
416 creatures vanquished.

Vanquished Creatures (collateral kills)
  A bullfrog zombie (D:13)
1 creature vanquished.

Vanquished Creatures (others)
  A kobold (Bailey)
  A gnoll skeleton (Ossuary)
  2 goblin skeletons (Ossuary)
  2 goblin zombies (Ossuary)
  A hobgoblin skeleton (Ossuary)
  5 kobold skeletons (Ossuary)
  3 kobold zombies (Ossuary)
  An orc skeleton (Ossuary)
  An orc zombie (Ossuary)
  A rat zombie (Ossuary)
18 creatures vanquished.

Grand Total: 435 creatures vanquished

Notes
Turn   | Place    | Note
-------+----------+-------------------------------------------
     0 | D:1      | Pytinka the Minotaur Fighter began the quest for the Orb.
     0 | D:1      | Reached XP level 1. HP: 19/19 MP: 0/0
   251 | D:1      | Reached XP level 2. HP: 27/27 MP: 1/1
   753 | D:1      | Reached XP level 3. HP: 33/33 MP: 2/2
  1196 | D:2      | Found an iron altar of Okawaru.
  1414 | D:2      | Reached XP level 4. HP: 40/40 MP: 3/3
  1494 | D:2      | Reached skill level 1 in Dodging
  2092 | D:3      | Noticed Sigmund
  2099 | D:3      | Killed Sigmund
  2099 | D:3      | Reached skill level 5 in Axes
  2099 | D:3      | Reached XP level 5. HP: 41/47 MP: 4/4
  2099 | D:3      | Reached XP level 6. HP: 46/53 MP: 5/5
  2235 | D:3      | Noticed Grinder
  2237 | D:3      | Noticed Natasha
  2244 | D:3      | Paralysed by Grinder for 7 turns
  2257 | D:3      | Killed Natasha
  2263 | D:3      | Noticed Natasha
  2268 | D:3      | Killed Natasha
  2275 | D:3      | Killed Grinder
  2419 | D:4      | Reached skill level 5 in Shields
  2419 | D:4      | Reached XP level 7. HP: 60/60 MP: 6/6
  2481 | D:4      | Noticed kalodont's ghost (amateur KoEn)
  2491 | D:4      | Killed kalodont's ghost
  3225 | D:4      | Reached skill level 1 in Stealth
  3389 | D:4      | Found a bloodstained altar of Trog.
  3785 | D:5      | Entered Level 5 of the Dungeon
  3897 | D:5      | Reached XP level 8. HP: 46/67 MP: 7/7
  3991 | D:5      | Reached skill level 5 in Armour
  4139 | D:5      | Reached skill level 5 in Fighting
  4293 | D:5      | Reached skill level 10 in Axes
  4335 | D:5      | Found a blossoming altar of Fedhas.
  4542 | D:6      | Found a burning altar of Makhleb.
  4542 | D:6      | Noticed a green death
  4616 | D:6      | Found an ancient bone altar of Kikubaaqudgha.
  4653 | D:6      | Found a staircase to the Ecumenical Temple.
  4662 | Temple   | Entered the Ecumenical Temple
  4861 | Temple   | Became a worshipper of Xom of Chaos
  4947 | D:6      | XOM: harmless Air miscast
  5059 | D:6      | Found a glowing golden altar of the Shining One.
  5061 | D:6      | Found a sparkling altar of Nemelex Xobeh.
  5225 | D:7      | Reached XP level 9. HP: 41/74 MP: 8/8
  5257 | D:7      | Noticed Duvessa
  5257 | D:7      | Noticed Dowan
  5284 | D:7      | Found a white marble altar of Elyvilon.
  5284 | D:7      | Found a shadowy altar of Dithmenos.
  5284 | D:7      | Found an opulent altar of Gozag.
  5311 | D:7      | Killed Duvessa
  5330 | D:7      | XOM: potion effect (agility)
  5373 | D:7      | XOM: potion effect (brilliance)
  5391 | D:7      | XOM: divination: detect creatures
  5409 | D:7      | XOM is BORED!
  5409 | D:7      | XOM: noise
  5410 | D:7      | Killed Dowan
  5456 | D:7      | Found a sand-covered staircase.
  5462 | Ossuary  | Entered an ossuary
  5687 | Ossuary  | Noticed Menkaure
  5691 | Ossuary  | Killed Menkaure
  5959 | D:8      | Found Mayj's Gadget Boutique.
  6132 | D:8      | XOM: cast spell 'Call Canine Familiar'
  6152 | D:8      | XOM: harmless Erth miscast
  6155 | D:8      | XOM: summons 4 friendly demons
  6164 | D:8      | XOM: harmless Conj miscast
  6466 | D:8      | Found Soedimeu's Antique Armour Emporium.
  6467 | D:8      | XOM: harmless Pois miscast
  6504 | D:8      | Bought a large shield for 130 gold pieces
  6540 | D:8      | Reached XP level 10. HP: 83/84 MP: 9/9
  6541 | D:8      | Found an iron altar of Okawaru.
  6578 | D:8      | Reached skill level 1 in Long Blades
  6594 | D:8      | XOM: silly message
  6596 | D:8      | XOM: scenery: create altars
  6601 | D:8      | Reached skill level 2 in Long Blades
  6624 | D:8      | Found Zedaerex's Gadget Shoppe.
  6674 | D:8      | XOM: summons 1 hostile demon
  6738 | D:8      | XOM: mild Hex miscast
  6849 | D:9      | Reached skill level 3 in Long Blades
  6977 | D:9      | Noticed a hill giant
  6979 | D:9      | Found a staircase to the Lair.
  7004 | D:9      | XOM: noise
  7006 | D:9      | Killed a hill giant
  7006 | D:9      | Reached skill level 5 in Long Blades
  7141 | D:9      | Gained mutation: Your system is resistant to poisons. (rPois) [potion of mutation]
  7141 | D:9      | Gained mutation: You are agile. (Dex +2) [potion of mutation]
  7141 | D:9      | Gained mutation: You tend to lose your temper in combat. [potion of mutation]
  7147 | D:9      | Gained mutation: You have large cloven feet. [potion of beneficial mutation]
  7172 | D:9      | XOM: divination: detect items
  7194 | D:9      | Reached skill level 6 in Long Blades
  7194 | D:9      | XOM: divination: detect creatures
  7298 | D:9      | Reached skill level 7 in Long Blades
  7385 | D:9      | Found a radiant altar of Vehumet.
  7442 | D:9      | XOM: harmless Ice miscast
  7625 | D:10     | Entered Level 10 of the Dungeon
  7627 | D:10     | Reached skill level 8 in Long Blades
  7662 | D:10     | Noticed a hill giant
  7674 | D:10     | Killed a hill giant
  7674 | D:10     | Reached skill level 9 in Long Blades
  7846 | D:10     | Found a flagged portal.
  7856 | Bailey   | Entered a bailey
  8037 | Bailey   | Reached XP level 11. HP: 84/92 MP: 10/10
  8044 | Bailey   | XOM: harmless Air miscast
  8370 | D:10     | XOM: noise
  8410 | D:10     | Reached skill level 10 in Long Blades
  8497 | D:10     | XOM: polymorph wyvern -> boggart
  8916 | D:11     | XOM: mild Necr miscast
  8930 | D:11     | Noticed a brown ugly thing
  8933 | D:11     | XOM: confuse monster(s)
  8958 | D:11     | Killed a brown ugly thing
  8979 | D:11     | XOM is BORED!
  8979 | D:11     | XOM: mild Tmut miscast
  9019 | D:11     | XOM: harmless Summ miscast
  9043 | D:11     | Reached skill level 11 in Long Blades
  9046 | D:11     | XOM: enchant monster (good)
  9382 | D:11     | XOM: mild Conj miscast
  9430 | D:12     | Lost mutation: Your system is resistant to poisons. (rPois) [potion of cure mutation]
  9430 | D:12     | Lost mutation: You have large cloven feet. [potion of cure mutation]
  9430 | D:12     | Lost mutation: You are agile. (Dex +2) [potion of cure mutation]
  9430 | D:12     | Lost mutation: You tend to lose your temper in combat. [potion of cure mutation]
  9493 | D:12     | XOM: divination: detect creatures
  9544 | D:12     | Found a staircase to the Orcish Mines.
  9582 | D:12     | XOM: enchant monster (bad)
  9655 | D:12     | XOM: god gift: meat ration
  9675 | D:12     | Noticed a hill giant
  9680 | D:12     | Killed a hill giant
 10006 | D:12     | Reached skill level 12 in Long Blades
 10106 | D:12     | XOM: cast spell 'Alistair's Intoxication'
 10115 | D:12     | XOM: swap monsters
 10124 | D:12     | XOM: confusion (+ monsters)
 10269 | D:13     | Noticed a centaur warrior
 10276 | D:13     | Killed a centaur warrior
 10355 | D:13     | Noticed a centaur warrior
 10355 | D:13     | XOM: cleaving
 10357 | D:13     | XOM: blink monster(s)
 10363 | D:13     | XOM: cleaving
 10365 | D:13     | XOM: summons friendly iron imp
 10366 | D:13     | Killed a centaur warrior
 10366 | D:13     | Reached skill level 13 in Long Blades
 10432 | D:13     | XOM: mild Fire miscast
 10479 | D:13     | Reached XP level 12. HP: 103/103 MP: 11/11
 10646 | D:13     | Noticed a tengu warrior
 10652 | D:13     | Killed a tengu warrior
 10796 | D:14     | Noticed a tengu warrior
 10832 | D:14     | Noticed a death knight
 10837 | D:14     | Killed a death knight
 10880 | D:14     | XOM is BORED!
 10939 | D:14     | XOM: noise
 10962 | D:14     | Reached skill level 14 in Long Blades
 11093 | D:14     | Found Gozag's Platinum Reserve.
 11095 | D:14     | Found an opulent altar of Gozag.
 11095 | D:14     | XOM: 4-stop teleportation journey
 11110 | D:14     | Noticed an ogre mage
 11119 | D:14     | Killed an ogre mage
 11142 | D:14     | Found a gate to the Vaults.
 11243 | D:14     | Got a shimmering fustibalus
 11244 | D:14     | Identified the +9 fustibalus "Diprir" {velocity, rElec rC++} (You found it on level 14 of the Dungeon)
 11332 | D:14     | Noticed an eight-headed hydra
 11332 | D:14     | Noticed a spark wasp
 11332 | D:14     | an eight-headed hydra changed into a spark wasp
 11332 | D:14     | XOM: polymorph eight-headed hydra -> spark wasp
 11338 | D:14     | XOM: fog
 11338 | D:14     | Slain by a spark wasp

Skill      XL: |  1  2  3  4  5  6  7  8  9 10 11 12 |
---------------+-------------------------------------+-----
Fighting       | 4 5 6 7 8 9 |  9.3
Axes           | 3 5 7 9 11 13 | 13.0
Shields        | 4 5 6 7 |  7.8
Armour         | 4 5 6 7 8 |  8.2
Dodging        | 1 2 3 4 |  4.3
Stealth        | 1 2 |  2.2
Long Blades    | 9 13 14 | 14.8
Evocations     | |  0.3

Action                   |  1- 3 |  4- 6 |  7- 9 | 10-12 || total
-------------------------+-------+-------+-------+-------++-------
Melee: War axe           |   121 |    83 |   397 |       ||   601
       Headbutt          |    16 |    10 |    63 |   100 ||   189
       Great sword       |       |       |    15 |   440 ||   455
       Unarmed           |       |       |       |     1 ||     1
 Fire: Fustibalus        |       |       |       |     8 ||     8
 Abil: Evoke Flight      |       |       |       |     1 ||     1
  Use: Scroll            |     7 |     5 |     6 |    12 ||    30
       Potion            |       |       |     8 |    11 ||    19
 Stab: Distracted        |       |       |     2 |       ||     2
       Confused          |       |       |       |     1 ||     1
  Eat: Bread ration      |     1 |       |     1 |     1 ||     3
       Meat ration       |       |     1 |     1 |     2 ||     4
       Fruit             |       |       |     3 |       ||     3
       Chunk             |       |       |     1 |     1 ||     2
       Royal jelly       |       |       |       |     1 ||     1
Armor: Scale mail        |     8 |       |       |       ||     8
       Pearl dragon scal |    59 |    38 |   119 |   247 ||   463
       Skin              |       |       |       |     5 ||     5
Dodge: Dodged            |    49 |    20 |   172 |   479 ||   720
Block: Shield            |    81 |    46 |   211 |       ||   338
       Rpst.: Great sword |       |       |     2 |    95 ||    97
